 Dungeon Crawl Stone Soup version 0.30.1-11-g7821555f0a (webtiles) character file.

Game seed: 3146226540125274488

159 HakonGodeson the Trooper (level 5, 0/41 HPs)
             Began as a Human Fighter on Nov 13, 2023.
             Splashed by a jelly's acid (2 damage)
             ... on level 5 of the Dungeon.
             The game lasted 00:03:15 (865 turns).

HakonGodeson the Trooper (Human Fighter)             Turns: 865, Time: 00:03:16

Health: 0/41       AC:  2    Str: 17    XL:     5   Next: 68%
Magic:  5/5        EV:  9    Int: 10    God:
Gold:   106        SH:  4    Dex: 12    Spells: 4/4 levels left

rFire   . . .        a - +3 war axe
rCold   . . .        c - +0 buckler
rNeg    . . .        b - +0 scale mail
rPois   .            (no helmet)
rElec   .            (no cloak)
rCorr   .            (no gloves)
SInv    .            (no boots)
Will    .....        (no amulet) Stlth
                     (no ring)
HPRegen 0.26/turn    (no ring)
MPRegen 0.09/turn

%: no passive effects
@: silenced (expiring), corroded
A: no striking features
a: no special abilities


You were on level 5 of the Dungeon.
You visited 1 branch of the dungeon, and saw 5 of its levels.

You collected 106 gold pieces.

Inventory:

Hand Weapons
 a - a +3 war axe (weapon)
Armour
 b - a +0 scale mail (worn)
 c - a +0 buckler (worn)
Potions
 d - a potion of might
 e - a potion of ambrosia {unknown}
 f - a potion of magic {unknown}
 g - a potion of flight {unknown}
 h - a potion of invisibility {unknown}


   Skills:
 * Level 3.6 Fighting
 * Level 3.5 Axes
 * Level 3.5 Armour
 * Level 1.0 Dodging
 * Level 1.2 Stealth
 * Level 3.6 Shields


You had 4 spell levels left.
You didn't know any spells.
Your spell library was empty.

Dungeon Overview and Level Annotations

Branches:
Dungeon (5/15)
 Temple: D:4-7

Altars:

Shops:
D:1 *

Portals:
Sewer: D:5


Message History

A rat comes into view.
Found a pair of boots.
The rat bites you but does no damage. The rat closely misses you.
You slash the rat!
You kill the rat!
You see here a rat corpse.
Found a glowing drain.
A giant cockroach and a jelly come into view.
The jelly quivers.
You see here a murky red potion.
h - a murky red potion A rat and a worm come into view.
You block the giant cockroach's attack.
You hit the giant cockroach.
The giant cockroach is almost dead.
The giant cockroach barely misses you. The jelly hits you.
The acid corrodes you!
You are splashed with acid.
The giant cockroach bites you but does no damage.
You barely miss the giant cockroach.
The giant cockroach is almost dead.
You slash the jelly!
Your hands burn!
The giant cockroach bites you but does no damage.
The jelly hits you.
You are splashed with acid!
You hit the giant cockroach but do no damage.
The giant cockroach is almost dead.
You slash the jelly!
Your hands burn!
The giant cockroach bites you. You block the jelly's attack.
The giant cockroach bites you. The jelly hits you.
You are splashed with acid!
* * * LOW HITPOINT WARNING * * *
You barely miss the giant cockroach.
The giant cockroach is severely wounded.
You hit the jelly.
Your hands burn!
* * * LOW HITPOINT WARNING * * *
The giant cockroach barely misses you. The jelly hits you but does no damage.
The giant cockroach closely misses you.
You hit the giant cockroach but do no damage.
The giant cockroach is severely wounded.
You hit the jelly but do no damage.
Your hands burn!
You die...

#.......##....#...
#.............#...
#.............#...
##......##....#...
########......####'##...
..............#.........
......#...†...#.........
#~.~#.J.......#......###
~~~~~rB@......#......#..
~~~~~~#.#.#####......#..
~~~~~~~.#.# #......#..
~~∩~~~....# #......#..
~~~~~~..### #......#..
~~~~~~#[# #.. ~~~~~...#
#.. ~..#..## #.. #..


You could see a jelly, a giant cockroach and a rat.

Vanquished Creatures
  2 iguanas
  Natasha (D:2)
  4 adders
  3 dart slugs
  2 orcs
  2 endoplasms (D:3)
  A giant cockroach (D:3)
  4 goblins
  3 hobgoblins
  4 jackals (D:3)
  5 ball pythons
  2 bats (D:1)
  4 frilled lizards
  2 kobolds
  3 rats
42 creatures vanquished.

Notes
Turn   | Place    | Note
-------+----------+-------------------------------------------
     0 | D:1      | HakonGodeson the Human Fighter began the quest for the Orb.
     0 | D:1      | Reached XP level 1. HP: 18/18 MP: 1/1
     6 | D:1      | Noticed a redback
     6 | D:1      | Noticed an iguana
     6 | D:1      | Noticed a swamp drake
     7 | D:1      | Noticed a hound
     7 | D:1      | Noticed a lindwurm
   205 | D:1      | Found Atisuewu's General Store.
   209 | D:1      | Reached XP level 2. HP: 24/24 MP: 2/2
   236 | D:2      | Noticed Natasha
   243 | D:2      | Killed Natasha
   244 | D:2      | Reached XP level 3. HP: 22/29 MP: 3/3
   319 | D:3      | Reached XP level 4. HP: 32/35 MP: 4/4
   513 | D:3      | Reached skill level 1 in Stealth
   665 | D:4      | Reached XP level 5. HP: 28/41 MP: 5/5
   722 | D:5      | Entered Level 5 of the Dungeon
   813 | D:5      | Reached skill level 1 in Dodging
   855 | D:5      | Found a glowing drain.
   864 | D:5      | HP: 2/41 [acid (5)]
   865 | D:5      | Splashed by a jelly's acid

Illustrated notes

Levels and vault maps discovered:
D:1:      onia_arrival_zoo_common, layout_basic,
          hellmonk_ecumenical_altar_pennies_from_heaven, serial_shops,
          nicolae_lakefront_shop, minmay_tromino_v4_c
D:2:      layout_rooms, uniq_natasha
D:3:      layout_loops_ring
D:4:      layout_basic, nemelex_altar_shiori
D:5:      layout_gridville, cheibrodos_sewer_entry_drain

Skill      XL: |  1  2  3  4  5 |
---------------+----------------+-----
Stealth        | 1 |  1.2
Axes           | 3 |  3.5
Dodging        | 1 |  1.0
Fighting       | |  3.6
Armour         | |  3.5
Shields        | |  3.6

Action                     |  1- 3 |  4- 6 || total
---------------------------+-------+-------++-------
  Melee: War axe           |    35 |    69 ||   104
    Use: Scroll            |       |     4 ||     4
 Armour: Scale mail        |    23 |    33 ||    56
  Dodge: Dodged            |    19 |    42 ||    61
  Block: Buckler           |    11 |    13 ||    24
